 Dungeon Crawl Stone Soup version 0.30-a0-1006-g5d778dfbfc (webtiles) character file.

Game seed: 16072627957556557150

207689 DavidChitty2 the Warrior (level 18, 0/180 HPs)
             Began as a Minotaur Fighter on Apr 5, 2023.
             Was the Champion of Okawaru.
             Killed from afar by a deep elf knight (5 damage)
             ... with a shard of ice
             ... on level 3 of the Elven Halls.
             The game lasted 00:57:56 (36422 turns).

DavidChitty2 the Warrior (Minotaur Fighter)        Turns: 36422, Time: 00:57:57

Health: 0/180      AC: 44    Str: 27    XL:     18   Next: 10%
Magic:  26/26      EV: 18    Int:  4    God:    Okawaru [******]
Gold:   754        SH: 21    Dex: 27    Spells: 17/17 levels left

rFire   + + .      SeeInvis +    a - +4 broad axe (freeze)
rCold   + + .      Faith    .    T - +0 kite shield "Toanyru" {Dex+3}
rNeg    . . .      Spirit   .    R - +12 crystal plate armour of the Dungeon {Str-3 Dex+6 SInv}
rPois   +          Reflect  +    S - +1 hat {Stlth+}
rElec   .          Rampage  .    z - scarf of the Well-Known Eyes {rC+ rF+, Dex+4}
rCorr   .                        v - +0 pair of gloves of Atheism {Dex+2}
Will    +++..                    i - +1 pair of boots of Fun and Games {rPois Int+4} Stlth
                                 L - amulet of the Witching Gods {Reflect Will+ SH+5}
HPRegen 0.50/turn                K - ring "Saigrur" {rF+ rC+ Will+ Str+3 Int-5}
MPRegen 0.20/turn                F - +5 ring of evasion

@: studying Fighting
A: horns 2, retaliatory headbutt
}: 1/15 runes: serpentine
a: Renounce Religion, Heroism, Finesse, Duel


You were on level 3 of the Elven Halls.
You worshipped Okawaru.
Okawaru was exalted by your worship.
You visited 6 branches of the dungeon, and saw 30 of its levels.
You visited 1 bazaar.
You also visited: Ossuary, Bailey and Ice Cave.

You collected 4704 gold pieces.
You spent 3950 gold pieces at shops.

Inventory:

Hand Weapons
 a - a +4 broad axe of freezing (weapon)
   (You bought it in a shop in a bazaar)
 b - the +1 broad axe of Suwu {pain, rElec Str+3}
   (Okawaru gifted it to you on level 3 of the Elven Halls)

   Str:       It affects your strength (+3).
   rElec:     It insulates you from electricity.
 w - the +4 war axe "Killer Bee's Regret" {flame, rElec rF+ Int+3}
   (You found it on level 5 of the Lair of Beasts)

   Int:       It affects your intelligence (+3).
   rF:        It protects you from fire.
   rElec:     It insulates you from electricity.
Armour
 i - the +1 pair of boots of Fun and Games (worn) {rPois Int+4}
   (You bought it in a shop in a bazaar)

   Int:       It affects your intelligence (+4).
   rPois:     It protects you from poison.
 v - the +0 pair of gloves of Atheism (worn) {Dex+2}
   (You acquired it on level 12 of the Dungeon)

   Dex:       It affects your dexterity (+2).
 z - the scarf of the Well-Known Eyes (worn) {rC+ rF+, Dex+4}
   (You acquired it on level 12 of the Dungeon)

   Dex:       It affects your dexterity (+4).
 R - the +12 crystal plate armour of the Dungeon (worn) {Str-3 Dex+6 SInv}
   (Okawaru gifted it to you on level 4 of the Lair of Beasts)

   Str:       It affects your strength (-3).
   Dex:       It affects your dexterity (+6).
   SInv:      It lets you see invisible.
 S - a +1 hat of stealth (worn)
   (You found it on level 4 of the Lair of Beasts)
 T - the +0 kite shield "Toanyru" (worn) {Dex+3}
   (Okawaru gifted it to you on level 5 of the Lair of Beasts)

   Dex:       It affects your dexterity (+3).
Jewellery
 o - a ring of protection from cold
   (You found it on level 10 of the Dungeon)
 q - a ring of resist corrosion
   (You found it on level 7 of the Dungeon)
 F - a +5 ring of evasion (right hand)
   (You found it on level 1 of the Elven Halls)
 K - the ring "Saigrur" (left hand) {rF+ rC+ Will+ Str+3 Int-5}
   (You bought it in a shop on level 2 of the Elven Halls)

   [ring of protection from cold]

   Str:       It affects your strength (+3).
   Int:       It affects your intelligence (-5).
   rF:        It protects you from fire.
   rC:        It protects you from cold.
   Will:      It increases your willpower.
 L - the amulet of the Witching Gods (around neck) {Reflect Will+ SH+5}
   (You bought it in a shop on level 2 of the Elven Halls)

   [amulet of reflection]

   It reflects blocked missile attacks.
   SH:        It affects your SH (+5).
   Will:      It increases your willpower.
Wands
 f - a wand of polymorph (19)
   (You found it on level 4 of the Dungeon)
 l - a wand of mindburst (7)
   (You found it on level 13 of the Dungeon)
 p - a wand of roots (25)
   (You found it on level 4 of the Dungeon)
 t - a wand of flame (65)
   (You found it on level 5 of the Dungeon)
 x - a wand of acid (1)
   (You found it on level 1 of the Snake Pit)
Scrolls
 k - 3 scrolls of vulnerability {!r}
 r - 5 scrolls of torment {!r}
 y - 5 scrolls of immolation {!r}
 D - 2 scrolls of magic mapping
 E - 6 scrolls of enchant weapon
 G - 2 scrolls of blinking
 I - 7 scrolls of fear
 M - a scroll of silence
 N - 4 scrolls of enchant armour
 O - 10 scrolls of teleportation {@r4}
 P - 3 scrolls of poison
 U - 4 scrolls of fog
 W - 3 scrolls of identify {@r1}
Potions
 c - 3 potions of attraction {!q}
 d - 9 potions of might
 e - a potion of berserk rage
 g - 2 potions of flight
 h - 4 potions of cancellation
 j - 8 potions of mutation {!q}
 m - 14 potions of curing {@q1}
 n - 6 potions of brilliance
 s - 3 potions of invisibility
 u - 2 potions of heal wounds {@q2}
 A - 5 potions of haste {@q3}
 B - 5 potions of magic
 C - 4 potions of lignification {!q}
 H - 2 potions of resistance
 J - 7 potions of ambrosia


   Skills:
 * Level 20.9 Fighting
 - Level 18.0 Axes
 * Level 19.5 Armour
 + Level 10.5 Dodging
 * Level 15.7 Shields
 - Level 12.0 Invocations


You had 17 spell levels left.
You didn't know any spells.
Your spell library contained the following spells:

 Spells                   Type           Power      Damage    Failure   Level
 Apportation              Tloc           0%         N/A       100%        1
 Beastly Appendage        Tmut           0%         N/A       100%        1
 Freeze                   Ice            0%         1d3       100%        1
 Kiss of Death            Conj/Necr      0%         2d5       100%        1
 Magic Dart               Conj           0%         1d3       100%        1
 Necrotise                Necr           0%         1d4       100%        1
 Cigotuvi's Dreadful Rot  Necr/Pois/Air  0%         N/A       100%        2
 Ensorcelled Hibernation  Hex/Ice        0%         N/A       100%        2
 Searing Ray              Conj           0%         2d4       100%        2
 Wereblood                Tmut           0%         N/A       100%        2
 Confusing Touch          Hex            0%         N/A       100%        3
 Dazzling Flash           Conj/Hex       0%         N/A       100%        3
 Frozen Ramparts          Ice            0%         1d1       100%        3
 Hailstorm                Conj/Ice       0%         3d3       100%        3
 Ignite Poison            Fire/Tmut/Pois 0%         N/A       100%        3
 Inner Flame              Hex/Fire       0%         N/A       100%        3
 Portal Projectile        Hex/Tloc       0%         N/A       100%        3
 Spider Form              Tmut/Pois      0%         N/A       100%        3
 Stone Arrow              Conj/Erth      0%         3d7       100%        3
 Vampiric Draining        Necr           0%         2d6       100%        3
 Anguish                  Hex/Necr       0%         N/A       100%        4
 Dispel Undead            Necr           0%         3d6       100%        4
 Fulminant Prism          Conj/Hex       0%         3d5       100%        4
 Leda's Liquefaction      Hex/Erth       0%         N/A       100%        4
 Manifold Assault         Tloc           0%         N/A       100%        4
 Sticky Flame             Conj/Fire      0%         2d3       100%        4
 Agony                    Necr           0%         N/A       100%        5
 Blade Hands              Tmut           0%         N/A       100%        5
 Lee's Rapid Deconstruct  Erth           0%         3d4*      100%        5
 Silence                  Hex/Air        0%         N/A       100%        5
 Yara's Violent Unravell  Hex/Tmut       0%         3d3       100%        5
 Dispersal                Tloc           0%         N/A       100%        6
 Statue Form              Tmut/Erth      0%         N/A       100%        6
 Enfeeble                 Hex            0%         N/A       100%        7
 Disjunction              Tloc           0%         N/A       100%        8
 Ignition                 Fire           0%         3d3       100%        8
 Lehudib's Crystal Spear  Conj/Erth      0%         10d2      100%        8
 Summon Small Mammal      Summ           Unusable   N/A       N/A         1
 Call Canine Familiar     Summ           Unusable   N/A       N/A         3
 Summon Guardian Golem    Hex/Summ       Unusable   N/A       N/A         3
 Tukima's Dance           Hex            Unusable   N/A       N/A         3
 Animate Armour           Summ/Erth      Unusable   N/A       N/A         4
 Death Channel            Necr           Unusable   N/A       N/A         6

Dungeon Overview and Level Annotations

Branches:
Dungeon (15/15)            Temple (1/1) D:7            Lair (5/5) D:9
 Shoals (0/4) Lair:3        Snake (4/4) Lair:3        Slime (0/5) Lair:4
    Orc (2/2) D:9             Elf (3/3) Orc:2        Vaults (0/5) D:14
 Depths (0/4) D:15        Ossuary (visited)          Bailey (visited)
  IceCv (visited)

Altars:
Ashenzari
Cheibriados
Dithmenos
Elyvilon
Fedhas
Gozag
Hepliaklqana
Kikubaaqudgha
Makhleb
Nemelex Xobeh
Okawaru
Qazlal
Ru
Sif Muna
Trog
Uskayaw
Vehumet
Wu Jian
Xom
Yredelemnul
Zin
The Shining One
Jiyva

Shops:
D:1 *   D:7 ?*=   D:12 !?!!   D:14 [   Orc:2 [(*=   Elf:1 !:[   Elf:2 :=:
Snake:2 (:**   Snake:3 :

Annotations:
D:13 3 runed translucent doors, t4s4d4r's ghost, journeyman GrFi
Elf:2 5 runed translucent doors, exclusion: 5 doors


Innate Abilities, Weirdness & Mutations

You have a pair of horns on your head.
You reflexively headbutt those who attack you in melee.


Message History

You slash the hellwing! You freeze the hellwing.
You kill the hellwing!
The hellwing disappears in a puff of smoke!
You slice the Tzitzimitl!!
The Executioner gestures.
The Executioner seems to speed up.
The Tzitzimitl engulfs you but does no damage.
You block the Tzitzimitl's attack. You block the Executioner's attack.
The Executioner hits you but does no damage.
You block the Executioner's attack.
You slice the deep elf demonologist!! You freeze the deep elf demonologist.
You kill the deep elf demonologist!
Okawaru accepts your kill.
The rust devil disappears in a puff of smoke!
The Tzitzimitl disappears in a puff of smoke!
You slash the Executioner! You freeze the Executioner.
The deep elf demonologist seems less brilliant.
You block the Executioner's attack. x2; The Executioner barely misses you.
The deep elf annihilator mumbles some strange words.
The deep elf annihilator blinks!
The Executioner hits you!
* * * LOW HITPOINT WARNING * * *
You block the Executioner's attack.
The Executioner hits you but does no damage.
The deep elf annihilator mumbles some strange words.
The deep elf annihilator blinks!
Your life force feels restored.
You miss the deep elf knight.
You hit the Executioner but do no damage.
You block the Executioner's attack. x2
The Executioner hits you but does no damage. x2
The Executioner closely misses you. The Executioner completely misses you.
The deep elf knight hits you with the +3 great mace of Veprid {flame, Dex+4}!
* * * LOW HITPOINT WARNING * * *
The deep elf demonologist mumbles some strange words.
The deep elf annihilator gestures wildly while chanting.
The deep elf annihilator blinks!
The Executioner hits you but does no damage. x2
You block the Executioner's attack.
The Executioner hits you but does no damage.
You block the Executioner's attack. x2; The Executioner hits you!
* * * LOW HITPOINT WARNING * * *
The Executioner hits you.
* * * LOW HITPOINT WARNING * * *
The Executioner misses you.
The deep elf knight hits you but does no damage.
Blink to where?
As you read the scroll of blinking, it crumbles to dust.
The deep elf knight casts a spell at you.
The shard of ice hits you. You partially resist.
You die...

# #'###.## .....####.# #.#
###
#...........###.######..
..###.####..##.##..#.##
#.# #.# #...))...))...
###'###.# ##.###....#...
##..[.##.# ###.# #..#.....
#.....##.###.#.###..###.##
#.......)@......##..####..
##...1).).))).........'###
##§.).#.#............'...
##.e.##.#...#.##'#####...
##.4..##.##.##.#...## ###'
#..e..##.##.##.#....#####.
#.§1).##.##.##.#.....'....
##.)############.....'....
#.§# #.....###..


You could see an Executioner (summoned, fast), a deep elf demonologist, a deep
elf knight (fast, invisible) and a rust devil (summoned).

Vanquished Creatures
  Saint Roka (Arena)
  Jorgrun (D:13)
  Rupert (D:13)
  A deep elf master archer (Elf:3)
  A deep elf blademaster (Elf:3)
  Agnes (Elf:2)
  2 nagarajas
  Aizul (Snake:3)
  3 deep elf sorcerers (Elf:3)
  An orc warlord (Orc:2)
  3 deep elf elementalists (Elf:3)
  4 deep elf demonologists (Elf:3)
  A dire elephant (D:15)
  7 deep elf annihilators (Elf:3)
  The ghost of Arcadio the Nimble, a journeyman DjIE of Elyvilon (Lair:2)
  2 deep elf death magi
  Josephine (D:12)
  3 deep elf high priests (Elf:3)
  3 hydras
  7 salamander tyrants (Snake:4)
  5 vault guards
  An ogre mage (D:15)
  10 anacondas
  3 centaur warriors
  A death knight (D:13)
  13 dancing weapons
  A catoblepas (Lair:5)
  3 death yaks (Lair:3)
  6 boulder beetles
  13 naga warriors
  10 two-headed ogres
  Urug (D:13)
  4 shock serpents
  5 orc high priests (Orc:2)
  7 naga sharpshooters
  9 deep elf knights
  A skeletal warrior (D:13)
  4 salamander mystics
  Lodul (D:11)
  2 bog bodies (IceCv)
  5 phantasmal warriors
  Pikel (D:4)
  7 naga ritualists
  18 deep elf pyromancers
  3 orc knights
  14 deep elf archers
  9 mana vipers
  15 deep elf zephyrmancers
  11 ugly things
  5 orc sorcerers (Orc:2)
  A wolf spider (D:15)
  5 manticores
  17 salamanders
  A moth of wrath (shapeshifter) (Elf:3)
  29 black mambas
  6 cyclopes
  8 elephants (Lair:5)
  5 guardian serpents (Snake:4)
  13 naga magi
  2 torpor snails
  6 cane toads
  An ice statue (IceCv)
  A gargoyle (D:10)
  2 unseen horrors
  Maggie (D:7)
  5 kobold demonologists
  4 komodo dragons
  2 anaconda simulacra (IceCv)
  3 efreet
  A rime drake (Lair:2)
  An ice devil (IceCv)
  2 tengu conjurers (D:13)
  6 trolls
  A queen bee (shapeshifter) (Elf:3)
  A queen bee (Lair:2)
  A troll (shapeshifter) (Elf:2)
  2 hornets
  Grinder (D:3)
  12 polar bears
  Prince Ribbit (Bailey)
  A wind drake (shapeshifter) (Elf:2)
  8 blink frogs
  10 slime creatures
  2 air elementals (Elf:1)
  2 centaur simulacra
  A spriggan (Lair:3)
  A dire elephant simulacrum (IceCv)
  2 shadows
  2 fire elementals
  11 wraiths
  5 water elementals
  4 wyverns
  10 humans
  Grum (D:11)
  51 yaks
  2 basilisks (Lair:1)
  5 death yak simulacra (IceCv)
  34 nagas
  11 wargs
  An acid dragon (D:9)
  3 hydra simulacra (IceCv)
  15 hell hounds (Lair:5)
  10 water moccasins
  A sky beast (D:8)
  36 orc warriors
  13 black bears
  16 ogres
  20 wolves
  14 centaurs
  2 elf zombies (D:5)
  5 kobold brigands
  17 bullfrogs
  2 earth elementals
  2 scorpions (D:4)
  2 cane toad simulacra (IceCv)
  5 two-headed ogre simulacra (IceCv)
  6 water moccasin zombies (Ossuary)
  13 wights (D:8)
  An elephant simulacrum (IceCv)
  5 killer bees (Lair:2)
  2 vampire bats (Lair:4)
  5 electric eels
  3 howler monkeys (D:11)
  6 hounds
  A gnoll bouda (D:10)
  13 orc priests
  6 jellies
  Crazy Yiuf (D:4)
  2 iguanas (D:5)
  13 orc wizards
  2 sleepcaps
  A hell rat (Lair:4)
  5 spriggan simulacra (IceCv)
  A polar bear simulacrum (IceCv)
  2 wolf simulacra (IceCv)
  6 troll simulacra (IceCv)
  2 mummies (Ossuary)
  6 adders
  8 gnolls
  2 naga simulacra (IceCv)
  18 white imps
  5 ufetubi (IceCv)
  4 adder zombies (Ossuary)
  2 worms
  A dart slug (D:4)
  70 orcs
  8 ball pythons
  11 bats
  4 endoplasms
  10 giant cockroaches
  3 gnoll zombies (Ossuary)
  10 goblins
  8 hobgoblins
  3 jackals (D:4)
  23 kobolds
  5 quokkas
  4 frilled lizards
  8 hobgoblin zombies (Ossuary)
  5 kobold zombies (Ossuary)
  3 orc skeletons (D:5)
  9 orc zombies
  7 rats
1034 creatures vanquished.

Vanquished Creatures (others)
  A dancing weapon (Elf:3)
  An anaconda (Snake:4)
  A naga warrior (Snake:4)
  An orc high priest (Orc:2)
  3 deep elf knights
  2 salamander mystics
  A deep elf pyromancer (Elf:1)
  2 deep elf zephyrmancers (Elf:2)
  2 salamanders (Snake:4)
  A guardian serpent (Snake:4)
  A freezing wraith (D:14)
  A wind drake (shapeshifter) (D:14)
  A shadow (D:13)
  A human (D:14)
  A warg (Orc:2)
  3 wolves (Lair:5)
  A centaur (D:13)
  28 fungi
  43 plants
95 creatures vanquished.

Grand Total: 1129 creatures vanquished

Notes
Turn   | Place    | Note
-------+----------+-------------------------------------------
     0 | D:1      | DavidChitty2 the Minotaur Fighter began the quest for the
                  | Orb.
     0 | D:1      | Reached XP level 1. HP: 19/19 MP: 0/0
   115 | D:1      | Reached XP level 2. HP: 24/27 MP: 1/1
   278 | D:1      | Found Xashricry's General Store.
   628 | D:1      | Reached skill level 4 in Fighting
   628 | D:1      | Reached XP level 3. HP: 33/33 MP: 2/2
   939 | D:2      | Reached XP level 4. HP: 38/40 MP: 3/3
  1614 | D:3      | Reached XP level 5. HP: 42/47 MP: 4/4
  1838 | D:3      | Noticed Grinder
  1852 | D:3      | Paralysed by Grinder for 2 turns
  1857 | D:3      | Killed Grinder
  1858 | D:3      | Reached skill level 5 in Fighting
  1858 | D:3      | Reached skill level 5 in Axes
  1858 | D:3      | Reached skill level 5 in Armour
  1858 | D:3      | Reached skill level 5 in Shields
  1858 | D:3      | Reached XP level 6. HP: 53/56 MP: 5/5
  2300 | D:4      | Reached XP level 7. HP: 57/61 MP: 6/6
  2323 | D:4      | Found an iron altar of Okawaru.
  2338 | D:4      | Became a worshipper of Warmaster Okawaru
  2402 | D:4      | Noticed Pikel
  2421 | D:4      | Killed Pikel
  2421 | D:4      | Reached * piety under Okawaru
  2422 | D:4      | Reached skill level 6 in Fighting
  2422 | D:4      | Reached skill level 1 in Invocations
  2422 | D:4      | Reached XP level 8. HP: 68/70 MP: 6/8
  2730 | D:4      | Found a runed translucent door.
  2731 | D:4      | Noticed Crazy Yiuf
  2738 | D:4      | Killed Crazy Yiuf
  2759 | D:4      | Identified the +3 hammer of Taxation {antimagic, rN+ Str+4
                  | Int+3}
  2792 | D:5      | Entered Level 5 of the Dungeon
  2976 | D:5      | Found a sand-covered staircase.
  2983 | Ossuary  | Entered an ossuary
  3093 | Ossuary  | Reached ** piety under Okawaru
  3551 | D:5      | Found an ornate altar of the Wu Jian Council.
  4771 | D:6      | Reached skill level 7 in Fighting
  4771 | D:6      | Reached XP level 9. HP: 79/79 MP: 10/10
  5136 | D:7      | Noticed Maggie
  5142 | D:7      | Killed Maggie
  5247 | D:7      | Found Zaerer's Jewellery Shoppe.
  5252 | D:7      | Found Tauw's General Store.
  5265 | D:7      | Found Kigrut's Magic Scroll Shoppe.
  5435 | D:7      | Found a staircase to the Ecumenical Temple.
  5458 | Temple   | Entered the Ecumenical Temple
  6205 | D:7      | Found a hazy altar of Hepliaklqana.
  6250 | D:7      | Found a stormy altar of Qazlal.
  6250 | D:7      | Found a snail-covered altar of Cheibriados.
  6306 | D:7      | Reached *** piety under Okawaru
  6389 | D:7      | Bought an amulet of reflection for 420 gold pieces
  6534 | D:8      | Reached skill level 10 in Axes
  6697 | D:8      | Found a sacrificial altar of Ru.
  6767 | D:8      | Reached skill level 8 in Fighting
  7176 | D:8      | Reached XP level 10. HP: 88/88 MP: 12/12
  7204 | D:8      | Reached **** piety under Okawaru
  7850 | D:9      | Found a staircase to the Lair.
  7871 | D:9      | Reached skill level 5 in Invocations
  8014 | D:9      | Noticed a two-headed ogre
  8020 | D:9      | Killed a two-headed ogre
  8165 | D:9      | Found a staircase to the Orcish Mines.
  8182 | D:9      | Reached ***** piety under Okawaru
  8520 | D:9      | Reached skill level 9 in Fighting
  8528 | D:9      | Received a gift from Okawaru
  8742 | D:10     | Entered Level 10 of the Dungeon
  8852 | D:10     | Found a white marble altar of Elyvilon.
  8887 | D:10     | Found a flagged portal.
  8898 | Bailey   | Entered a bailey
  9031 | Bailey   | Reached XP level 11. HP: 93/97 MP: 14/14
  9154 | Bailey   | Noticed Prince Ribbit
  9154 | Bailey   | Noticed a vault guard
  9158 | Bailey   | Killed Prince Ribbit
  9170 | Bailey   | Killed a vault guard
  9226 | Bailey   | Noticed a vault guard
  9237 | Bailey   | Killed a vault guard
  9548 | D:10     | Found a shimmering altar of Xom.
  9604 | D:10     | Noticed a two-headed ogre
  9609 | D:10     | Killed a two-headed ogre
  9828 | D:10     | Identified the +8 sling "Etubbied" {heavy, MP-9 Int+8}
  9834 | D:10     | Noticed a two-headed ogre
  9846 | D:10     | Killed a two-headed ogre
  9847 | D:10     | Reached skill level 10 in Shields
 10082 | D:11     | Reached skill level 10 in Fighting
 10159 | Lair:1   | Entered Level 1 of the Lair of Beasts
 10219 | Lair:1   | Identified the +0 scale mail of Hikurche {-Tele rN++ Regen+
                  | Str+3} (Okawaru gifted it to you on level 1 of the Lair of
                  | Beasts)
 10219 | Lair:1   | Received a gift from Okawaru
 10314 | Lair:1   | Reached skill level 10 in Armour
 11752 | Lair:2   | Noticed an eight-headed hydra
 11784 | Lair:1   | Killed a one-headed hydra
 11785 | Lair:1   | Reached XP level 12. HP: 63/107 MP: 16/16
 12158 | Lair:2   | Noticed Arcadio's ghost (journeyman DjIE)
 12368 | Lair:2   | Identified the +10 mace "Hoeps" {freeze, rElec rCorr Str-5}
 12472 | Lair:2   | Found a transporter.
 12476 | Lair:2   | Found a transporter.
 12642 | Lair:2   | Noticed a six-headed hydra
 12649 | Lair:2   | Killed a four-headed hydra
 12650 | Lair:2   | Reached skill level 11 in Fighting
 13009 | Lair:2   | Killed Arcadio's ghost
 13009 | Lair:2   | Received a gift from Okawaru
 13094 | Lair:3   | Found a staircase to the Shoals.
 13275 | Lair:3   | Received a gift from Okawaru
 13282 | Lair:3   | Reached skill level 15 in Axes
 13346 | Lair:3   | Found a staircase to the Snake Pit.
 13512 | Lair:3   | Noticed a death yak
 13514 | Lair:3   | Noticed a death yak
 13872 | Lair:3   | Killed a death yak
 13882 | Lair:3   | Killed a death yak
 14290 | Lair:3   | Noticed a death yak
 14303 | Lair:3   | Killed a death yak
 14710 | Lair:4   | Identified the +12 crystal plate armour of the Dungeon
                  | {Str-3 Dex+6 SInv} (Okawaru gifted it to you on level 4 of
                  | the Lair of Beasts)
 14710 | Lair:4   | Received a gift from Okawaru
 14933 | Lair:4   | Reached XP level 13. HP: 107/116 MP: 18/18
 15086 | Lair:4   | Found a staircase to the Slime Pits.
 15087 | Lair:4   | Found a viscous altar of Jiyva.
 15467 | Lair:5   | Entered Level 5 of the Lair of Beasts
 15757 | Lair:5   | Identified the +4 war axe "Killer Bee's Regret" {flame,
                  | rElec rF+ Int+3}
 15793 | Lair:5   | Reached skill level 12 in Fighting
 16057 | Lair:5   | Identified 3 scrolls of acquirement
 16171 | Lair:5   | Found a dark tunnel.
 16379 | Lair:5   | Reached ****** piety under Okawaru
 16399 | Lair:5   | Identified the +0 kite shield "Toanyru" {Dex+3} (Okawaru
                  | gifted it to you on level 5 of the Lair of Beasts)
 16399 | Lair:5   | Received a gift from Okawaru
 16528 | Lair:5   | Identified the +5 spear "Toywuome" {freeze, rPois Str+3}
 17697 | D:11     | Noticed Lodul
 17709 | D:11     | Reached XP level 14. HP: 125/127 MP: 12/20
 17721 | D:11     | Killed Lodul
 17896 | D:11     | Noticed Grum
 17911 | D:11     | Killed Grum
 18062 | D:12     | Found Dyeth's Distillery.
 18139 | D:12     | Found a flickering gateway to a bazaar.
 18156 | Bazaar   | Entered a bazaar
 18165 | Bazaar   | Found Bioff's Antique Weapon Emporium.
 18178 | Bazaar   | Found Ahavuwel's Antique Weapon Shoppe.
 18195 | Bazaar   | Found Koupsow's Antique Armour Shoppe.
 18206 | Bazaar   | Found Fanugor's Antique Armour Emporium.
 18232 | Bazaar   | Bought a transparent cloak for 313 gold pieces
 18232 | Bazaar   | Identified the +0 cloak of the Bagpipe {SInv} (You bought
                  | it in a shop in a bazaar)
 18232 | Bazaar   | Bought a pair of slimy boots for 313 gold pieces
 18232 | Bazaar   | Identified the +1 pair of boots of Fun and Games {rPois
                  | Int+4} (You bought it in a shop in a bazaar)
 18300 | Bazaar   | Bought a glowing broad axe for 133 gold pieces
 18330 | Bazaar   | Bought an embroidered scarf for 264 gold pieces
 18354 | D:12     | Acquired the +0 pair of gloves of Atheism {Dex+2}
 18356 | D:12     | Acquired 1153 gold pieces
 18358 | D:12     | Acquired the scarf of the Well-Known Eyes {rC+ rF+, Dex+4}
 18415 | D:12     | Found Yradeira's Distillery.
 18462 | D:12     | Noticed Josephine
 18480 | D:12     | Killed Josephine
 18496 | D:12     | Reached skill level 10 in Invocations
 18544 | D:12     | Reached skill level 13 in Fighting
 18628 | D:12     | Identified the +1 buckler of Okawaru's Supremacy {rCorr
                  | Int+3} (Okawaru gifted it to you on level 12 of the
                  | Dungeon)
 18628 | D:12     | Received a gift from Okawaru
 18732 | D:12     | Found Kosuvvat's Magic Scroll Shop.
 18860 | D:12     | Found Wasaen's Distillery.
 19007 | D:13     | Noticed Urug
 19022 | D:13     | Noticed Jorgrun
 19023 | D:13     | Killed Urug
 19035 | D:13     | Killed Jorgrun
 19269 | D:13     | Identified the +2 chain mail of Eternal Vigilance {Will+}
 19785 | D:13     | Found a runed translucent gate.
 19786 | D:13     | Found a runed translucent gate.
 19787 | D:13     | Found a runed translucent gate.
 19789 | D:13     | Noticed t4s4d4r's ghost (journeyman GrFi)
 19936 | D:13     | Noticed Rupert
 19955 | D:13     | HP: 4/129 [Rupert/+0 heavy executioner's axe (45)]
 20174 | D:13     | Killed Rupert
 20990 | D:14     | Found Iben's Armour Shoppe.
 21164 | D:14     | Identified the +1 pair of boots of Gocvoble {Harm rN+ Will+
                  | Str-3} (Okawaru gifted it to you on level 14 of the
                  | Dungeon)
 21164 | D:14     | Received a gift from Okawaru
 21211 | D:14     | Found a gate to the Vaults.
 21525 | D:15     | Entered Level 15 of the Dungeon
 21657 | D:15     | Reached skill level 14 in Fighting
 21794 | D:15     | Reached XP level 15. HP: 133/138 MP: 22/22
 22234 | D:15     | Found a staircase to the Depths.
 22512 | Orc:1    | Entered Level 1 of the Orcish Mines
 22696 | Orc:1    | Identified the +2 cloak "Ade Bacs" {Str+3} (Okawaru gifted
                  | it to you on level 1 of the Orcish Mines)
 22696 | Orc:1    | Received a gift from Okawaru
 23025 | Orc:2    | Entered Level 2 of the Orcish Mines
 23049 | Orc:2    | Found a staircase to the Elven Halls.
 23100 | Orc:2    | Found a frozen archway.
 23120 | IceCv    | Entered an ice cave
 24077 | IceCv    | Identified the staff of fire "Pesch" {rF+ rC+ rCorr SInv}
 24395 | Orc:2    | Reached skill level 15 in Shields
 24505 | Orc:2    | Found Fuhaurr's Jewellery Shoppe.
 24519 | Orc:2    | Noticed Saint Roka
 24523 | Arena    | Entered the Arena
 24537 | Arena    | Killed Saint Roka
 24538 | Arena    | Reached skill level 15 in Fighting
 24538 | Arena    | Reached skill level 1 in Dodging
 24862 | Orc:2    | Reached skill level 15 in Armour
 24925 | Orc:2    | Found Baasasiv's Antique Weapon Shop.
 25125 | Orc:2    | Found Arowo's Antique Armour Shop.
 25196 | Orc:2    | Found Houlo's General Store.
 25689 | Snake:1  | Entered Level 1 of the Snake Pit
 25947 | Snake:1  | Reached skill level 16 in Fighting
 25954 | Snake:1  | Reached XP level 16. HP: 78/151 MP: 12/24
 26710 | Snake:1  | Received a gift from Okawaru
 26770 | Snake:1  | Reached skill level 5 in Dodging
 27406 | Snake:1  | Reached skill level 17 in Fighting
 27843 | Snake:2  | Found Koarawop's Assorted Antiques.
 27853 | Snake:2  | Bought a scroll of teleportation for 72 gold pieces
 28326 | Snake:2  | Found Pebboas's Weapon Boutique.
 28579 | Snake:2  | Found Mopesuzo's General Store.
 28584 | Snake:2  | Bought a scroll of blinking for 135 gold pieces
 28658 | Snake:2  | Found Hucuics's Book Shoppe.
 28990 | Snake:3  | Noticed Aizul
 29010 | Snake:3  | Killed Aizul
 29579 | Snake:3  | Found Fohuilog's Self-Improvement Boutique.
 29592 | Snake:3  | Bought a manual of Fighting for 1040 gold pieces
 29723 | Snake:4  | Entered Level 4 of the Snake Pit
 29727 | Snake:4  | Reached skill level 18 in Fighting
 29949 | Snake:4  | HP: 7/159 [salamander tyrant (39)]
 30348 | Snake:4  | Identified the +7 broad axe "Rytian" {heavy, Str+3}
                  | (Okawaru gifted it to you on level 4 of the Snake Pit)
 30348 | Snake:4  | Received a gift from Okawaru
 30721 | Snake:4  | Reached skill level 19 in Fighting
 31209 | Snake:4  | Reached XP level 17. HP: 117/168 MP: 18/25
 31385 | Snake:4  | Received a gift from Okawaru
 31771 | Snake:4  | Reached skill level 20 in Fighting
 31999 | Snake:4  | Got a serpentine rune of Zot
 32235 | Elf:1    | Entered Level 1 of the Elven Halls
 32503 | Elf:1    | Identified the +5 plate armour of Servitude {rN++}
 32899 | Elf:1    | Found Onioro's Armour Shop.
 32964 | Elf:1    | Paralysed by an air elemental for 1 turns
 33009 | Elf:1    | Found Qufreub's Distillery.
 33017 | Elf:1    | Bought a potion of heal wounds for 70 gold pieces
 33017 | Elf:1    | Bought a potion of heal wounds for 70 gold pieces
 33017 | Elf:1    | Bought a potion of curing for 42 gold pieces
 33102 | Elf:1    | Found Woimnepel's Book Boutique.
 33895 | Elf:2    | Reached skill level 10 in Dodging
 33915 | Elf:2    | Noticed Agnes
 33927 | Elf:2    | Killed Agnes
 34293 | Elf:2    | Found Oruxusm's Book Emporium.
 34293 | Elf:2    | Found Racwudd's Jewellery Shop.
 34295 | Elf:2    | Found Ethrol's Book Emporium.
 34303 | Elf:2    | Bought the ring "Saigrur" {rF+ rC+ Will+ Str+3 Int-5} for
                  | 525 gold pieces
 34303 | Elf:2    | Bought the amulet of the Witching Gods {Reflect Will+ SH+5}
                  | for 553 gold pieces
 34530 | Elf:2    | Found a huge runed translucent gate.
 34530 | Elf:2    | Found a huge runed translucent gate.
 34530 | Elf:2    | Found a huge runed translucent gate.
 34530 | Elf:2    | Found a huge runed translucent gate.
 34530 | Elf:2    | Found a huge runed translucent gate.
 34714 | Elf:3    | Entered Level 3 of the Elven Halls
 35044 | Elf:3    | Identified the +1 broad axe of Suwu {pain, rElec Str+3}
                  | (Okawaru gifted it to you on level 3 of the Elven Halls)
 35044 | Elf:3    | Received a gift from Okawaru
 35461 | Elf:3    | Noticed a deep elf blademaster
 35473 | Elf:3    | Killed a deep elf blademaster
 35541 | Elf:3    | Noticed a Tzitzimitl
 35547 | Elf:3    | Reached XP level 18. HP: 71/180 MP: 26/26
 35882 | Elf:3    | Identified the +5 war axe "Itoilase" {drain, rPois rN+++
                  | Will-} (Okawaru gifted it to you on level 3 of the Elven
                  | Halls)
 35882 | Elf:3    | Received a gift from Okawaru
 36061 | Elf:3    | Noticed a Brimstone Fiend
 36392 | Elf:3    | Identified the +3 great mace of Veprid {flame, Dex+4}
 36415 | Elf:3    | Noticed a Tzitzimitl
 36415 | Elf:3    | Noticed a Tzitzimitl
 36421 | Elf:3    | HP: 6/180 [Executioner[a deep elf demonologist] (15)]
 36422 | Elf:3    | Killed from afar by a deep elf knight

Illustrated notes

Levels and vault maps discovered:
D:1:      lightli_arrival_farm, layout_rooms, serial_shops,
          nicolae_shop_advertising_works [nicolae_subvault_shop_adworks]
D:2:      layout_basic
D:3:      layout_basic, uniq_grinder
D:4:      layout_cave_pools, okawaru_altar_gauntlet_db, serial_column_ruins,
          column_ruins_grid_1, column_ruins_open_small, column_ruins_open_small,
          column_ruins_open_medium, column_ruins_columns_straight,
          uniq_crazy_yiuf_cottage, uniq_pikel
D:5:      layout_basic, mainiacjoe_overflow_six_doors_small,
          nicolae_ossuary_entry_catacombs, gup_sewer_entry_bowl
D:6:      black_bear_nest_2, layout_basic
D:7:      layout_basic, gammafunk_temple_overflow_statue,
          nzn_hepliaklqana_mist_gate, minmay_temple_entry_mini_moons,
          nicolae_wooded_promenade, uniq_maggie
D:8:      layout_basic, nicolae_ru_the_path_less_chosen, kennysheep_boxes
D:9:      layout_irregular_city, lair_entry_dummy, erik_orc_3
D:10:     layout_cave_pools, elyvilon_altar_4, kennysheep_little_box,
          enter_bailey_3
D:11:     layout_long_grid, uniq_grum, uniq_lodul
D:12:     layout_roguey, serial_shops, bzr_entry_safe, shop,
          nicolae_shop_statue_plus, kennysheep_mini, kennysheep_mini_moat,
          kennysheep_decorative_pillar, uniq_josephine
D:13:     layout_rooms, gammafunk_ghost_necromancy, uniq_rupert, uniq_urug,
          uniq_jorgrun
D:14:     layout_cave_pools, ximxim_vaults_locker_room, corexii_hall_statues_l,
          serial_shops, shop
D:15:     hangedman_depths_entry_try_elsewhere_first, layout_long_grid
Temple:   minmay_temple_curvy_branch
Lair:1:   layout_layer_cave, grunt_forest_small_clearings
Lair:2:   layout_regular_city, gammafunk_ghost_hive
Lair:3:   layout_misc_corridors, minmay_shoals_entry_centaurs,
          guppyfry_snake_entry_garden, nicolae_quartered_pool_super,
          grunt_forest_large_clearing_hut, infiniplex_staircase_pool_2,
          uniq_prince_ribbit2
Lair:4:   layout_big_grid, nicolae_slime_entry_slimehenge, roderic_batcave,
          st_stairs_3, serial_bayou_shore_a
Lair:5:   wormcave, layout_regular_city, hangedman_lair_caniforms_friends,
          nicolae_volcano_entry_two_sided
Snake:1:  layout_honeycomb, drop_trap, nicolae_snake_ghostly_warrior_ritual
Snake:2:  layout_onion, serial_shops, nicolae_diamond_shop,
          nicolae_shop_behind_doors, nicolae_shop_hallway_plus, shop_fountains,
          nicolae_coiled_stairwell_up, grunt_megastairs_2
Snake:3:  layout_onion, nicolae_shop_self_help, uniq_aizul
Snake:4:  grunt_snake_rune_pools, layout_grid_shapes, serial_bayou_crossing,
          grunt_megastairs_4
Orc:1:    layout_caves
Orc:2:    grunt_orc_gardens, layout_diamond_mine, grunt_orc_garden,
          grunt_orc_garden, grunt_orc_garden, grunt_orc_garden,
          portal_ice_cave_entry_imps, uniq_saint_roka
Elf:1:    layout_geoelf_diagonals, serial_shops, nicolae_take_the_stairs, shop,
          nicolae_shop_trees, hangedman_corner_corridor
Elf:2:    elven_hall_of_blades_hangedman_alternative
          [mumra_blade_entry_bloodbath], layout_loops_corners,
          minmay_shop_grove, uniq_agnes
Elf:3:    minmay_elf_hall_x, layout_gridlike, lemuel_flamethrower_hall,
          grunt_megastairs_1

Skill      XL: |  1  2  3  4  5  6  7  8  9 10 11 12 13 14 15 16 17 |
---------------+----------------------------------------------------+-----
Axes           | 3 4 5 6 7 8 10 12 14 15 17 18 | 18.0
Fighting       | 4 5 6 7 8 9 10 11 12 14 16 19 20 | 20.9
Armour         | 4 5 6 8 9 10 11 12 13 15 16 19 | 19.5
Shields        | 4 5 6 7 8 9 10 11 12 14 15 | 15.7
Invocations    | 1 3 4 6 7 8 9 11 12 | 12.0
Dodging        | 3 7 10 | 10.5

Action                     |  1- 3 |  4- 6 |  7- 9 | 10-12 | 13-15 | 16-18 || total
---------------------------+-------+-------+-------+-------+-------+-------++-------
  Melee: War axe           |    97 |    76 |   247 |       |     3 |       ||   423
         Headbutt          |     5 |    14 |    59 |   110 |   368 |   240 ||   796
         Broad axe         |       |       |   115 |   530 |  1281 |   899 ||  2825
         Hand axe          |       |       |       |    21 |       |       ||    21
         Mace              |       |       |       |       |       |     3 ||     3
 Invoke: Heroism           |       |       |     1 |     5 |     5 |     3 ||    14
         Finesse           |       |       |       |     2 |     4 |     3 ||     9
         Duel              |       |       |       |       |     1 |       ||     1
  Evoke: Wand              |       |       |     4 |     4 |       |     6 ||    14
    Use: Scroll            |       |     7 |    12 |     8 |    16 |     9 ||    52
         Potion            |       |       |     2 |     2 |     5 |     3 ||    12
 Armour: Scale mail        |    53 |     5 |       |       |       |       ||    58
         Plate armour      |       |    42 |   182 |   285 |       |       ||   509
         Crystal plate arm |       |       |       |     3 |   693 |   257 ||   953
  Dodge: Dodged            |    55 |    23 |    85 |   122 |   124 |   194 ||   603
  Block: Buckler           |    24 |    12 |    75 |   108 |       |       ||   219
         Reflection        |       |       |       |     7 |    66 |   111 ||   184
         Kite shield       |       |       |       |   329 |  1144 |   722 ||  2195

Table legend: (Time is in decaauts)
 A = Elapsed time spent in this place.
 B = Non-inter-level travel time spent in this place.
 C = Inter-level travel time spent in this place.
 D = Time resting spent in this place.
 E = Time spent auto-exploring this place.
 F = Levels seen in this place.
 G = Mean time per level.
                   A        B        C        D        E       F      G
               +--------+--------+--------+--------+--------+-----+--------+
         Total |  36138 |  34177 |   1961 |   5897 |  21223 |  35 | 1032.5 |
       Dungeon |  14328 |  13180 |   1148 |   1174 |   9402 |  15 |  955.2 |
        Temple |    251 |    247 |      4 |      0 |    243 |   1 |  251.0 |
          Lair |   7185 |   6841 |    344 |    945 |   4440 |   5 | 1437.0 |
     Snake Pit |   6335 |   6108 |    227 |   2529 |   2537 |   4 | 1583.8 |
  Orcish Mines |   1827 |   1716 |    111 |    305 |    960 |   2 |  913.5 |
   Elven Halls |   4096 |   3969 |    127 |    756 |   2375 |   3 | 1365.3 |
        Bazaar |    184 |    184 |      0 |      0 |     62 |   1 |  184.0 |
       Ossuary |    249 |    249 |      0 |      0 |     72 |   1 |  249.0 |
        Bailey |    451 |    451 |      0 |    188 |    157 |   1 |  451.0 |
      Ice Cave |   1207 |   1207 |      0 |      0 |    974 |   1 | 1207.0 |
         Arena |     21 |     21 |      0 |      0 |      0 |   1 |   21.0 |
               +--------+--------+--------+--------+--------+-----+--------+

Top non-repeatable levels by time:
 Snake:1: 1972 daAuts
 Snake:4: 1940 daAuts
  Lair:1: 1803 daAuts
  Lair:5: 1726 daAuts
   Elf:3: 1667 daAuts
  Lair:3: 1590 daAuts
    D:13: 1423 daAuts
     D:8: 1356 daAuts
   Elf:2: 1347 daAuts
 Snake:3: 1260 daAuts
   IceCv: 1207 daAuts
     D:9: 1169 daAuts
 Snake:2: 1162 daAuts
  Lair:2: 1152 daAuts
     D:6: 1104 daAuts
